 Dungeon Crawl Stone Soup version 0.16-a0-2997-g80c3c75 (webtiles) character file.

102760 Fiveotanaka the Earth Mage (level 16, -12/103 HPs)
             Began as a Gargoyle Earth Elementalist on Dec 6, 2014.
             Was the Champion of Vehumet.
             Killed from afar by Azrael (38 damage)
             ... with a burst of hellfire
             ... on level 15 of the Dungeon.
             The game lasted 04:05:32 (37894 turns).

Fiveotanaka the Earth Mage (GrEE)                  Turns: 37894, Time: 04:05:32

Health: -12/103    AC: 25    Str: 18    XL:     16   Next: 34%
Magic:  4/35       EV: 19    Int: 29    God:    Vehumet [******]
Gold:   1179       SH:  0    Dex: 14    Spells: 9 memorised, 5 levels left

rFire  . . .     SeeInvis .     w - +8 scimitar "Cregusch" {drain, rElec Dex+1}
rCold  + . .     Clarity  .     X - +2 leather armour of the Fisher {Str+2 Dex+1 Slay+6 Curse}
rNeg   + . .     SustAb   .     (no shield)
rPois  ∞         Gourm    .     (helmet restricted)
rElec  +         Spirit   .     Y - +0 cloak {rPois}
rCorr  +         Warding  .     v - +2 pair of gloves of the Depths {Int+2 Dex+2}
rMut   .         Stasis   .     N - +2 pair of boots {run}
MR     +....                    h - amulet of resist corrosion
Stlth  ++........               K - +5 ring of intelligence
                                G - +3 ring of strength

@: flying, quick, somewhat resistant to hostile enchantments, unstealthy
A: able to fly continuously, big wings, beak, icy blue scales 1, rugged brown
scales 1, cold resistance 1, negative energy resistance 1, electricity
resistance, unbreathing, petrification resistance, rot immunity, AC +11
a: Stop Flying, Renounce Religion


You were on level 15 of the Dungeon.
You worshipped Vehumet.
Vehumet was exalted by your worship.
You were hungry.

You visited 4 branches of the dungeon, and saw 28 of its levels.
You also visited: Labyrinth, Ossuary, Ice Cave and Volcano.

You collected 3218 gold pieces.
You spent 2039 gold pieces at shops.

Inventory:

Hand weapons
 w - the +8 scimitar "Cregusch" (weapon) {drain, rElec Dex+1}
   (You took it off a minotaur in a labyrinth)

   A truly terrible weapon, it drains the life of those it strikes.
   It affects your dexterity (+1).
   It insulates you from electricity.
 L - a +0 blowgun
 Q - the +10 spear "Bacveeju" {pierce, Dex+4}
   (You found it on level 8 of the Lair of Beasts)

   It inflicts extra damage upon your enemies.
   It affects your dexterity (+4).
Missiles
 b - 811 stones (quivered)
 u - 77 poisoned needles
 P - 19 curare-tipped needles
Armour
 g - a +2 helmet of see invisible
 v - the +2 pair of gloves of the Depths (worn) {Int+2 Dex+2}
   (You acquired it on level 4 of the Lair of Beasts)

   It affects your intelligence (+2).
   It affects your dexterity (+2).
 N - a +2 pair of boots of running (worn)
 X - the +2 leather armour of the Fisher (worn) {Str+2 Dex+1 Slay+6 Curse}
   (You found it on level 7 of the Dungeon)

   It affects your strength (+2).
   It affects your dexterity (+1).
   It affects your accuracy and damage with ranged weapons and melee attacks
   (+6).
   It may recurse itself when equipped.
 Y - a +0 cloak of poison resistance (worn)
 Z - the cursed +0 leather armour of Divine Compulsion {rElec rCorr Slay+5}
   (You found it on level 14 of the Dungeon)

   It affects your accuracy and damage with ranged weapons and melee attacks
   (+5).
   It insulates you from electricity.
   It protects you from acid and corrosion.
   It has a curse placed upon it.
Jewellery
 h - an amulet of resist corrosion (around neck)
 t - an uncursed ring of protection from magic
 z - an uncursed ring of protection from fire
 G - a +3 ring of strength (left hand)
 K - a +5 ring of intelligence (right hand)
 W - an uncursed amulet of stasis
Magical devices
 d - a wand of cold (6)
 x - a wand of disintegration (12)
 S - a wand of paralysis (24)
 U - a wand of slowing (34)
Scrolls
 c - 4 scrolls of recharging
 i - 8 scrolls of enchant armour
 k - 4 scrolls of enchant weapon
 l - 8 scrolls of remove curse
 m - 15 scrolls of teleportation
 n - 3 scrolls of identify
 q - 5 scrolls of blinking
 r - 4 scrolls of magic mapping
 s - 6 scrolls of fog
 y - 2 scrolls of fear
 T - a scroll of amnesia
Potions
 e - a potion of cancellation
 o - 3 potions of magic
 A - 9 potions of curing
 B - 4 potions of brilliance
 D - 5 potions of restore abilities
 E - a potion of haste
 I - 2 potions of might
 J - 5 potions of agility
 M - 2 potions of invisibility
 V - 2 potions of heal wounds
Books
 p - a book of Hinderance

   Spells                             Type                      Level
   a - Confusing Touch                Hexes                        2
   b - Confuse                        Hexes                        3
   c - Petrify                        Transmutation/Earth          4
   d - Metabolic Englaciation         Hexes/Ice                    5
   e - Summon Mana Viper              Hexes/Summoning              5
   f - Gell's Gravitas                Hexes/Translocation          6
 C - a book of Clouds

   Spells                             Type                      Level
   a - Mephitic Cloud                 Conjuration/Poison/Air       3
   b - Conjure Flame                  Conjuration/Fire             3
   c - Poisonous Cloud                Conjuration/Poison/Air       6
   d - Freezing Cloud                 Conjuration/Ice/Air          6
   e - Ring of Flames                 Charms/Fire                  7
 H - a book of Dreams

   Spells                             Type                      Level
   a - Ensorcelled Hibernation        Hexes/Ice                    2
   b - Flight                         Charms/Air                   3
   c - Phase Shift                    Translocation                5
   d - Shadow Creatures               Summoning                    5
   e - Mass Confusion                 Hexes                        6
   f - Darkness                       Hexes                        7
Miscellaneous
 R - a fan of gales
Comestibles
 a - 17 bread rations
 f - 15 meat rations
 j - a chunk of flesh
 F - 37 fruits
 O - 12 beef jerkies


   Skills:
 + Level 11.2 Fighting
 - Level 3.1 Long Blades
 - Level 12.4 Dodging
 - Level 2.1 Stealth
 - Level 12.0 Spellcasting
 - Level 12.0 Conjurations
 - Level 0.7 Transmutations
 - Level 17.1 Earth Magic


You had 5 spell levels left.
You knew the following spells:

 Your Spells              Type           Power        Failure   Level  Hunger
a - Sandblast             Erth           ######       0%          1    None
b - Stone Arrow           Conj/Erth      ######       1%          3    None
c - Lee's Rapid Deconstr  Erth           #######...   1%          5    ##.....
d - Apportation           Tloc           ###.......   2%          1    None
e - Blink                 Tloc           N/A          4%          2    None
f - Stoneskin             Trmt/Erth      ######..     1%          2    None
g - Iron Shot             Conj/Erth      #######...   1%          6    ####...
h - Bolt of Magma         Conj/Fire/Erth ######....   1%          5    ##.....
i - Shatter               Erth           #######...   71%         9    #######


Dungeon Overview and Level Annotations

Branches:
Dungeon (15/15)            Temple (1/1) D:4            Lair (8/8) D:11
  Swamp (0/5) Lair:3        Snake (0/5) Lair:3        Slime (0/6) Lair:7
    Orc (4/4) D:12            Elf (0/3) Orc:3        Vaults (0/5) D:13
 Depths: D:15

Altars:
Ashenzari
Fedhas
Kikubaaqudgha
Makhleb
Okawaru
Qazlal
Ru
Trog
Vehumet
Xom
Yredelemnul
Zin
Beogh
Jiyva

Shops:
D:4 [!%   D:5 *   D:12 (   D:15 *   Orc:2 [   Orc:3 *   Orc:4 *}*!

Annotations:
D:4 Minkie's ghost, experienced HOFi
D:15 Azrael
Lair:7 runed door


Innate Abilities, Weirdness & Mutations

You are resistant to torment.
You are immune to poison.
You can fly continuously.
Your stone body is very resilient (AC +11).
Your wings are large and strong.
You resist negative energy.
You are resistant to electric shocks.
You can survive without breathing.
You are immune to petrification.
You are immune to rotting.
You have a beak for a mouth.
You are partially covered in icy blue scales (AC +1).
You are partially covered in rugged brown scales (AC +1, +3% HP).
Your flesh is cold resistant.


Message History

Azrael gestures at you. The sticky flame misses you.
Your leather armour of the Fisher prevents you from hitting Azrael.
You peck Azrael.
Azrael is almost dead.
Azrael gestures at you.
The hellfire explodes!
The burst of hellfire engulfs you!
The burst of hellfire engulfs Azrael.
Azrael completely resists.
Azrael closely misses you.
You hit Azrael.
Azrael is almost dead.
Azrael gestures at you.
The hellfire explodes!
The blast of hellfire engulfs you!
* * * LOW HITPOINT WARNING * * *
The blast of hellfire engulfs Azrael.
Azrael completely resists.
Drink which item? (? for menu, Esc to quit)
You feel much better. Azrael gestures at you.
The hellfire explodes!
The burst of hellfire engulfs you!
You die...

#§#...#..
E..#.#.##
§......
..... ...
..# #E#
#R# #@#
#.# #.#
###.#
#...#
#.#.#
#.#.#
#.#.#
#.#.#


You could see Azrael and a fire elemental.

Vanquished Creatures
  A frost giant (IceCv)
  A dire elephant (Lair:4)
  Josephine (D:13)
  A minotaur (Lab)
  Fannar (Lair:6)
  3 vault guards (D:13)
  3 centaur warriors
  8 hydras
  Erica (Lair:6)
  4 ogre magi (Orc:4)
  4 death yaks (Lair:7)
  A tengu warrior (D:13)
  Nergalle (Orc:2)
  A catoblepas (Lair:4)
  A fire crab (Lair:7)
  2 wizards
  2 unseen horrors
  An ice statue (IceCv)
  4 hill giants
  A wolf spider zombie (D:13)
  3 griffons
  An ugly thing (D:12)
  3 orc sorcerers
  5 orc knights
  3 cyclopes
  6 elephants
  2 centaur zombies
  6 black mambas
  12 spiny frogs
  5 centaur skeletons
  A guardian serpent (D:14)
  Psyche (D:8)
  A gargoyle (D:13)
  6 komodo dragons
  3 trolls
  A fire drake (Lair:6)
  A yaktaur (D:13)
  A tengu conjurer (D:13)
  24 polar bears
  A spriggan druid (Lair:8)
  Sonja (D:12)
  18 two-headed ogres
  4 basilisks
  4 slime creatures (D:12)
  A boulder beetle (Lair:8)
  13 blink frogs
  3 ravens (D:13)
  5 redbacks (Lair:8)
  12 spriggans
  51 yaks
  3 wyverns
  Eustachio (D:10)
  2 wraiths
  2 vampire mosquitoes (Lair:5)
  A deep elf fighter (D:13)
  2 fire elementals (D:15)
  79 wolves
  4 mottled dragons
  13 hippogriffs
  2 wargs
  A soldier ant (D:13)
  13 water moccasins
  4 insubstantial wisps (Lair:5)
  3 nagas (Lair:3)
  6 swamp worms (Lair:3)
  A hell hound (D:15)
  11 porcupines
  5 ice beasts
  16 orc warriors
  5 phantoms
  A swamp drake (Lair:5)
  6 yellow wasps
  9 centaurs
  10 black bears
  31 ogres
  9 crocodiles
  A boring beetle (Lair:6)
  Duvessa (D:7)
  A brain worm (Lair:7)
  The ghost of Minkie the Magician, an average DEWz (D:3)
  20 giant frogs
  7 big kobolds
  A wyvern zombie (D:14)
  A gnoll sergeant (D:8)
  A wyvern skeleton (D:7)
  4 scorpions
  7 wights
  4 electric eels
  19 killer bees
  A goliath beetle (D:6)
  Dowan (D:7)
  7 crimson imps
  A giant frog zombie (D:7)
  2 jellies
  17 hounds
  15 orc priests
  Crazy Yiuf (D:7)
  A quasit (D:11)
  5 iguanas
  13 worker ants
  2 giant frog skeletons
  18 orc wizards
  A killer bee zombie (D:11)
  21 sheep
  A hound skeleton (D:7)
  8 mummies (Ossuary)
  Robin (D:2)
  7 gnolls
  20 adders
  5 shadow imps
  38 river rats
  12 white imps (Lair:8)
  2 worms
  A giant mite (D:3)
  An adder zombie (D:9)
  2 adder skeletons (D:4)
  6 giant geckos
  137 orcs
  A ball python (D:3)
  16 bats
  A bat zombie (D:5)
  6 giant cockroaches
  A gnoll zombie (Ossuary)
  28 goblins
  25 hobgoblins
  An ooze (D:2)
  A giant gecko zombie (D:5)
  4 giant newts
  2 giant spores
  2 hobgoblin zombies (Ossuary)
  14 jackals
  47 kobolds
  A kobold zombie (Ossuary)
  4 orc zombies (Ossuary)
  10 quokkas
  12 rats
  A spectral orc (D:7)
  2 ballistomycetes (D:10)
  6 fungi
  2 plants
1082 creatures vanquished.

Vanquished Creatures (others)
  A two-headed ogre (Volcano)
  A hog (Volcano)
  A vampire mosquito (Lair:5)
  A centaur (D:10)
  4 orcs
  13 fungi
  13 plants
34 creatures vanquished.

Grand Total: 1116 creatures vanquished

Notes
Turn   | Place    | Note
--------------------------------------------------------------
     0 | D:1      | Fiveotanaka, the Gargoyle Earth Elementalist, began the quest for the Orb.
     0 | D:1      | Reached XP level 1. HP: 10/10 MP: 3/3
   287 | D:1      | Reached skill level 4 in Earth Magic
   513 | D:1      | Reached XP level 2. HP: 9/15 MP: 4/4
  1483 | D:2      | Reached skill level 5 in Earth Magic
  1483 | D:2      | Reached XP level 3. HP: 12/19 MP: 3/6
  1506 | D:2      | Learned a level 3 spell: Stone Arrow
  2203 | D:3      | Reached skill level 1 in Conjurations
  2358 | D:3      | Reached XP level 4. HP: 17/24 MP: 0/7
  3038 | D:3      | Noticed Minkie's ghost (average DEWz)
  3120 | D:3      | Noticed Robin
  3127 | D:2      | Killed Robin
  3268 | D:3      | Killed Minkie's ghost
  3268 | D:3      | Reached XP level 5. HP: 12/28 MP: 3/9
  4059 | D:3      | Reached skill level 5 in Conjurations
  4063 | D:3      | Reached XP level 6. HP: 20/32 MP: 0/10
  4423 | D:4      | Found Mamalyun's Distillery.
  4429 | D:4      | Bought a potion of mutation for 25 gold pieces
  4429 | D:4      | Bought a potion of poison for 10 gold pieces
  4429 | D:4      | Bought a potion of heal wounds for 50 gold pieces
  4429 | D:4      | Bought a potion of curing for 30 gold pieces
  4582 | D:4      | Noticed Minkie's ghost (experienced HOFi)
  4628 | D:4      | Found Ypolaf's Food Shop.
  4726 | D:4      | Found a staircase to the Ecumenical Temple.
  4735 | Temple   | Entered the Ecumenical Temple
  4892 | Temple   | Became a worshipper of Vehumet
  4940 | D:4      | Reached skill level 6 in Conjurations
  5216 | D:4      | Found Koppu's Antique Armour Shop.
  5393 | D:4      | Learned a level 5 spell: Lee's Rapid Deconstruction
  5504 | D:4      | Reached XP level 7. HP: 36/36 MP: 12/12
  6221 | D:5      | Entered Level 5 of the Dungeon
  6470 | D:5      | Reached skill level 7 in Earth Magic
  6749 | D:5      | Found a sand-covered staircase.
  6772 | Ossuary  | Entered an ossuary
  6894 | Ossuary  | Acquired Vehumet's first power
  6894 | Ossuary  | Offered knowledge of Freeze by Vehumet.
  7202 | Ossuary  | Reached skill level 8 in Earth Magic
  7520 | D:5      | Reached XP level 8. HP: 29/41 MP: 4/14
  8198 | D:5      | Found Ruxu's General Store.
  8285 | D:5      | Bought a +0 robe of magic resistance for 100 gold pieces
  8652 | D:5      | Reached skill level 5 in Spellcasting
  9015 | D:6      | You fall through a shaft for 3 floors!
  9429 | D:9      | Reached XP level 9. HP: 45/45 MP: 13/24
  9560 | D:9      | Offered knowledge of Throw Flame by Vehumet.
  9768 | D:8      | Noticed Psyche
 10301 | D:8      | Killed Psyche
 10301 | D:8      | Reached skill level 9 in Conjurations
 10879 | D:7      | Reached skill level 10 in Conjurations
 11064 | D:7      | Offered knowledge of Conjure Flame by Vehumet.
 11085 | D:7      | Got a transparent leather armour
 11096 | D:7      | Identified the +2 leather armour of the Fisher {Str+2 Dex+1 Slay+6 Curse} (You found it on level 7 of the Dungeon)
 11111 | D:7      | Noticed Crazy Yiuf
 11117 | D:7      | Killed Crazy Yiuf
 11150 | D:7      | Noticed Duvessa
 11150 | D:7      | Noticed Dowan
 11175 | D:7      | Killed Dowan
 11232 | D:7      | Killed Duvessa
 11327 | D:7      | Found a basalt altar of Yredelemnul.
 11383 | D:7      | Reached XP level 10. HP: 45/50 MP: 23/25
 11836 | D:7      | Reached skill level 10 in Earth Magic
 11849 | D:7      | Acquired Vehumet's second power
 12076 | D:7      | Found a stormy altar of Qazlal.
 12343 | D:6      | Offered knowledge of Inner Flame by Vehumet.
 13170 | D:8      | Reached skill level 11 in Earth Magic
 13657 | D:8      | Found a bloodstained altar of Trog.
 13660 | D:8      | Found an ancient bone altar of Kikubaaqudgha.
 13663 | D:8      | Found a blossoming altar of Fedhas.
 13880 | D:8      | Acquired Vehumet's third power
 14050 | D:9      | Reached skill level 12 in Earth Magic
 14458 | D:10     | Entered Level 10 of the Dungeon
 14567 | D:10     | Offered knowledge of Iskenderun's Mystic Blast by Vehumet.
 14954 | D:10     | Noticed a hill giant
 14981 | D:10     | Noticed Eustachio
 15329 | D:10     | Noticed a hill giant
 15332 | D:10     | Killed a hill giant
 15332 | D:10     | Reached XP level 11. HP: 54/54 MP: 16/28
 15588 | D:10     | Killed Eustachio
 16084 | D:11     | Offered knowledge of Bolt of Magma by Vehumet.
 16088 | D:11     | Reached skill level 13 in Earth Magic
 16186 | D:11     | Found a staircase to the Lair.
 16195 | D:11     | Noticed a hill giant
 16433 | D:11     | Killed a hill giant
 16772 | D:11     | Reached skill level 14 in Earth Magic
 16924 | D:11     | Noticed a hill giant
 16934 | D:11     | Killed a hill giant
 17010 | Lair:1   | Entered Level 1 of the Lair of Beasts
 17067 | Lair:1   | Found a labyrinth entrance.
 17080 | Lab      | Entered a labyrinth
 17733 | Lab      | Noticed a minotaur
 17737 | Lab      | Killed a minotaur
 17737 | Lab      | Reached skill level 5 in Fighting
 17740 | Lab      | Got a warped scimitar
 17741 | Lab      | Identified the +8 scimitar "Cregusch" {drain, rElec Dex+1} (You took it off a minotaur in a labyrinth)
 17746 | Lab      | Identified Sif Muna's Compendium of the Compass
 17750 | Lab      | Learned a level 1 spell: Apportation
 17753 | Lab      | Learned a level 2 spell: Blink
 17756 | Lab      | Learned a level 2 spell: Stoneskin
 17765 | Lab      | Identified the Guide on Lethal Weightlessness (You found it in a labyrinth)
 17959 | Lair:1   | Reached XP level 12. HP: 43/69 MP: 18/29
 19063 | Lair:2   | Reached skill level 5 in Dodging
 20328 | Lair:3   | Offered knowledge of Bolt of Cold by Vehumet.
 20431 | Lair:3   | Found a staircase to the Snake Pit.
 21011 | Lair:3   | Noticed a seven-headed hydra
 21014 | Lair:3   | Killed a seven-headed hydra
 21475 | Lair:3   | Found a staircase to the Swamp.
 21855 | Lair:4   | Reached XP level 13. HP: 62/74 MP: 11/30
 22494 | Lair:4   | Reached skill level 10 in Dodging
 22527 | Lair:4   | Noticed a dire elephant
 22836 | Lair:4   | Identified a scroll of acquirement
 22841 | Lair:4   | Got a pair of pitted gloves
 22852 | Lair:4   | Identified the +2 pair of gloves of the Depths {Int+2 Dex+2} (You acquired it on level 4 of the Lair of Beasts)
 23517 | Lair:4   | Killed a dire elephant
 23808 | Lair:5   | Reached skill level 15 in Earth Magic
 23925 | Lair:5   | Found a dark tunnel.
 23959 | Volcano  | Entered a volcano
 24828 | Lair:5   | Reached skill level 16 in Earth Magic
 25024 | Lair:5   | Got a smoking great sword
 25025 | Lair:5   | Identified the +4 great sword "Luplyebb" {slice, rC+ Str+3} (You found it on level 5 of the Lair of Beasts)
 25518 | Lair:6   | Found a burning altar of Makhleb.
 25575 | Lair:6   | Noticed Fannar
 25588 | Lair:6   | Killed Fannar
 25657 | Lair:6   | Reached skill level 10 in Spellcasting
 25696 | Lair:6   | Reached skill level 1 in Long Blades
 26016 | Lair:6   | Noticed Erica
 26018 | Lair:6   | Killed Erica
 26406 | Lair:6   | Gained mutation: Your wings are large and strong. [gargoyle growth]
 26406 | Lair:6   | Reached XP level 14. HP: 79/79 MP: 19/32
 27003 | Lair:7   | Learned a level 6 spell: Iron Shot
 27380 | Lair:7   | Found a runed door.
 27389 | Lair:7   | Found a viscous altar of Jiyva.
 27389 | Lair:7   | Found a staircase to the Slime Pits.
 28338 | Lair:8   | Entered Level 8 of the Lair of Beasts
 28387 | Lair:8   | Found a frozen archway.
 28476 | IceCv    | Entered an ice cave
 29292 | IceCv    | Offered knowledge of Delayed Fireball by Vehumet.
 29504 | IceCv    | Noticed a frost giant
 29554 | IceCv    | Killed a frost giant
 29779 | Lair:8   | Upgraded the game from 0.16-a0-2990-g4ccd47d to 0.16-a0-2997-g80c3c75
 30050 | Lair:8   | Reached XP level 15. HP: 90/90 MP: 9/32
 30396 | Lair:8   | Got a jewelled flail
 30397 | Lair:8   | Identified the cursed +2 flail of the Wasp {elec, rC+ SInv} (You found it on level 8 of the Lair of Beasts)
 30882 | Lair:8   | Got an ebony spear
 30883 | Lair:8   | Identified the +10 spear "Bacveeju" {pierce, Dex+4} (You found it on level 8 of the Lair of Beasts)
 30983 | Lair:8   | Offered knowledge of Bolt of Fire by Vehumet.
 32104 | Lair:1   | Learned a level 5 spell: Bolt of Magma
 32114 | Lair:1   | Learned a level 9 spell: Shatter
 32218 | D:12     | Noticed Sonja
 32218 | D:12     | Killed Sonja
 32272 | D:12     | Gained mutation: You are weak. (Str -2) [mutagenic meat]
 32273 | D:12     | Lost mutation: You are weak. (Str -2) [mutagenic meat]
 32274 | D:12     | Gained mutation: You are partially covered in icy blue scales (AC +1). [mutagenic meat]
 32275 | D:12     | Gained mutation: You are partially covered in rugged brown scales (AC +1, +3% HP). [mutagenic meat]
 32579 | D:12     | Found a staircase to the Orcish Mines.
 32591 | D:12     | Found Ghufania's Weapon Shop.
 33389 | Orc:1    | Entered Level 1 of the Orcish Mines
 33471 | Orc:1    | Offered knowledge of Poisonous Cloud by Vehumet.
 33969 | Orc:3    | Found a staircase to the Elven Halls.
 33969 | Orc:3    | Found Khuaroim's Assorted Antiques.
 33970 | Orc:3    | Paralysed by an orc sorcerer for 5 turns
 34090 | Orc:3    | Bought a brass ring for 135 gold pieces
 34114 | Orc:3    | Reached skill level 17 in Earth Magic
 34744 | Orc:4    | Entered Level 4 of the Orcish Mines
 34744 | Orc:4    | Found a roughly hewn altar of Beogh.
 34764 | Orc:3    | Offered knowledge of Orb of Destruction by Vehumet.
 35092 | Orc:4    | Found a shimmering altar of Xom.
 35417 | Orc:4    | Found Deptia's Gadget Shop.
 35417 | Orc:4    | Found Ytsoaced's Assorted Antiques.
 35426 | Orc:4    | Found Gauprapp's Distillery.
 35427 | Orc:4    | Found Shytu's Assorted Antiques.
 35436 | Orc:4    | Bought a distressingly furry chain mail for 294 gold pieces
 35436 | Orc:4    | Bought 2 brown potions for 55 gold pieces
 35436 | Orc:4    | Bought a scroll of identify for 62 gold pieces
 35436 | Orc:4    | Bought a scroll of identify for 62 gold pieces
 35439 | Orc:4    | Bought a scroll of identify for 56 gold pieces
 35439 | Orc:4    | Bought a scroll of identify for 56 gold pieces
 35440 | Orc:4    | Bought a potion of flight for 42 gold pieces
 35440 | Orc:4    | Bought a potion of might for 56 gold pieces
 35441 | Orc:4    | Identified the cursed -4 chain mail "Dova" {+Fly rElec SInv} (You bought it in a shop on level 4 of the Orcish Mines)
 35611 | Orc:2    | Noticed Nergalle
 35618 | Orc:2    | Killed Nergalle
 35635 | Orc:2    | Found Adev's Antique Armour Boutique.
 35697 | Orc:2    | Bought a glowing buckler for 117 gold pieces
 35697 | Orc:2    | Bought a pair of embroidered boots for 117 gold pieces
 35707 | Orc:2    | Identified a +0 pair of boots of running (You bought it in a shop on level 2 of the Orcish Mines)
 36047 | D:13     | Offered knowledge of Spellforged Servitor by Vehumet.
 36053 | D:13     | Noticed Josephine
 36056 | D:13     | Killed Josephine
 36258 | D:13     | Reached XP level 16. HP: 98/98 MP: 35/35
 36416 | D:13     | Found a gate to the Vaults.
 36672 | D:13     | Reached skill level 10 in Fighting
 37465 | D:14     | Gained mutation: You have a beak for a mouth. [mutagenic meat]
 37466 | D:14     | Gained mutation: Your body is slowly deteriorating. [mutagenic meat]
 37467 | D:14     | Lost mutation: Your body is slowly deteriorating. [mutagenic meat]
 37468 | D:14     | Gained mutation: Your flesh is cold resistant. [mutagenic meat]
 37481 | D:14     | Got a heavily runed leather armour
 37482 | D:14     | Identified the cursed +0 leather armour of Divine Compulsion {rElec rCorr Slay+5} (You found it on level 14 of the Dungeon)
 37731 | D:15     | Entered Level 15 of the Dungeon
 37819 | D:15     | Found Nyularch's General Store.
 37826 | D:15     | Bought a scroll of brand weapon for 300 gold pieces
 37826 | D:15     | Bought a wand of digging (8) for 360 gold pieces
 37826 | D:15     | Bought a scroll of vulnerability for 112 gold pieces
 37882 | D:15     | Noticed Azrael
 37894 | D:15     | Killed from afar by Azrael

Action                   |  1- 3 |  4- 6 |  7- 9 | 10-12 | 13-15 | 16-18 || total
-------------------------+-------+-------+-------+-------+-------+-------++-------
Melee: Unarmed           |    40 |       |       |       |       |       ||    40
       Club              |   141 |    33 |       |       |       |       ||   174
       Short sword       |       |   192 |   434 |   341 |       |       ||   967
       Mace              |       |       |    26 |       |       |       ||    26
       Scimitar          |       |       |       |   139 |   686 |   100 ||   925
 Fire: Hunting sling     |       |    31 |       |       |       |       ||    31
Throw: Stone             |    58 |    25 |    25 |     5 |       |       ||   113
 Cast: Sandblast         |    21 |     9 |     1 |       |       |       ||    31
       Stone Arrow       |       |    28 |   125 |   216 |   267 |     5 ||   641
       Lee's Rapid Decon |       |       |       |    63 |   207 |    36 ||   306
       Blink             |       |       |       |     2 |     8 |       ||    10
       Stoneskin         |       |       |       |     1 |       |       ||     1
       Iron Shot         |       |       |       |       |    27 |     1 ||    28
       Bolt of Magma     |       |       |       |       |     3 |     1 ||     4
 Abil: Fly               |       |       |       |       |     1 |       ||     1
  Use: Scroll            |     3 |     1 |     3 |    12 |    25 |     2 ||    46
       Potion            |       |       |     1 |       |     2 |     1 ||     4
 Stab: Sleeping          |     1 |       |     1 |     1 |     4 |       ||     7
       Distracted        |       |       |       |       |     1 |       ||     1
  Eat: Chunk             |     5 |    11 |    24 |    42 |    81 |     9 ||   172
       Fruit             |       |     3 |     3 |     1 |       |       ||     7
       Beef jerky        |       |       |     1 |       |       |       ||     1
       Pizza             |       |       |       |     2 |     1 |     1 ||     4
       Royal jelly       |       |       |       |     1 |       |       ||     1
